Philadelphia Flyers vs Tampa Bay Lightning
(R1)
Created - Tuesday, May 16, 2023 at 07:03
Goals
|
| Philadelphia Flyers |
0 |
2 |
1 |
3 |
| Tampa Bay Lightning |
1 |
1 |
0 |
2 |
|
Shots
|
| Philadelphia Flyers |
4 |
14 |
7 |
25 |
| Tampa Bay Lightning |
13 |
6 |
9 |
28 |
|
1st period
1. Tampa Bay Lightning , Roope Hintz 13 (Dylan Cozens 12, Ryan Graves 11) at 0:44
Penalties :
Oliver Ekman-Larsson (PHI) for High sticking (Minor) at 2:51, Hampus Lindholm (TBL) for Tripping (Minor) at 0:00
2nd period
2. Tampa Bay Lightning , Johnny Gaudreau 24 (Tomas Hertl 25) at 4:07
3. Philadelphia Flyers , Matt Boldy 10 (Carter Verhaeghe 15, Evan Rodrigues 13) at 4:19
4. Philadelphia Flyers , Evgenii Dadonov 10 (Marcus Johansson 13) at 9:58
Penalties :
Tomas Hertl (TBL) for Tripping (Minor) at 4:51, Gabriel Landeskog (TBL) for Hooking (Minor) at 16:02, Christian Dvorak (TBL) for Interference (Minor) at 18:52
3rd period
5. Philadelphia Flyers , Carter Verhaeghe 12 (Evan Rodrigues 14, Matt Roy 9) at 10:30
Penalties :
Gabriel Landeskog (TBL) for Hooking (Minor) at 3:55, Tyler Johnson (PHI) for Cross-checking (Minor) at 8:51, Gabriel Landeskog (TBL) for Tripping (Minor) at 9:55
Goalie Stats
Thomas Greiss (PHI), 26 saves from 28 shots - (0.929), W, 1-0-0, 60:00 minutes
Jeremy Swayman (TBL), 22 saves from 25 shots - (0.880), L, 11-10-1, 58:48 minutes
Players Stats for Philadelphia Flyers
Player Name G A P +/- PIM S H SB GA TA FO MP PP MP PK MP
------------------------------------------------------------------------------------
Alexander Barabanov 0 0 0 0 0 1 1 0 1 0 0/0 13:14 0:40 0:10
Alexander Edler 0 0 0 0 0 2 4 3 0 0 0/0 19:21 3:41 0:53
Artem Zub 0 0 0 0 0 1 1 2 0 0 0/0 13:45 0:00 0:13
Ben Chiarot 0 0 0 1 0 0 4 1 1 1 0/0 19:10 0:33 1:53
Blake Lizotte 0 0 0 0 0 0 2 0 0 0 7/12 15:39 4:55 1:38
Carter Verhaeghe 1 1 2 1 0 4 1 0 0 0 0/0 18:19 5:11 0:00
Elias Lindholm 0 0 0 0 0 4 2 0 1 2 13/23 20:38 5:25 1:15
Evan Rodrigues 0 2 2 1 0 4 0 0 2 0 5/13 17:54 4:55 0:00
Evgenii Dadonov 1 0 1 0 0 1 1 0 0 0 0/0 10:43 0:40 0:00
Justin Faulk 0 0 0 1 0 3 2 0 1 1 0/0 24:24 7:19 1:41
Marcus Johansson 0 1 1 0 0 1 1 0 0 0 0/0 10:56 0:40 0:10
Matt Boldy 1 0 1 0 0 1 2 0 0 0 0/3 17:26 4:55 0:00
Matt Roy 0 1 1 0 0 1 4 1 0 3 0/0 21:51 3:41 1:09
Oliver Ekman-Larsson 0 0 0 0 2 0 2 0 2 0 0/0 21:31 6:46 0:17
Riley Sheahan 0 0 0 0 0 0 0 0 0 0 0/7 12:30 0:00 1:38
Tomas Tatar 0 0 0 0 0 0 0 1 1 0 0/0 8:54 0:00 0:00
Tyler Bertuzzi 0 0 0 0 0 2 1 0 1 0 1/1 20:38 5:25 1:15
Tyler Johnson 0 0 0 0 2 0 1 3 0 0 0/0 9:07 0:14 0:00
Players Stats for Tampa Bay Lightning
Player Name G A P +/- PIM S H SB GA TA FO MP PP MP PK MP
------------------------------------------------------------------------------------
Alexander Kerfoot 0 0 0 0 0 1 0 0 0 2 0/0 7:24 0:00 0:00
Alexander Romanov 0 0 0 0 0 1 0 1 0 1 0/0 19:12 0:00 5:55
Anze Kopitar 0 0 0 -1 0 1 1 0 0 0 10/23 22:53 1:08 7:03
Christian Dvorak 0 0 0 0 2 1 0 1 0 0 3/3 13:56 0:00 2:46
Connor Brown 0 0 0 0 0 1 0 0 0 1 0/2 15:55 0:00 2:45
Darnell Nurse 0 0 0 -1 0 0 2 1 0 2 0/0 24:33 1:37 5:05
Dylan Cozens 0 1 1 -1 0 1 1 0 0 1 0/0 12:05 0:32 0:44
Gabriel Landeskog 0 0 0 0 6 1 2 1 1 0 1/2 15:04 1:07 0:00
Hampus Lindholm 0 0 0 0 2 0 1 0 0 0 0/0 14:12 1:26 0:00
Ivan Barbashev 0 0 0 0 0 4 0 0 0 0 0/0 7:39 0:15 0:00
Johnny Gaudreau 1 0 1 0 0 9 0 0 0 0 2/2 14:17 1:40 0:00
Kirill Kaprizov 0 0 0 0 0 2 0 1 2 1 0/0 16:49 1:23 1:21
Lars Eller 0 0 0 0 0 0 2 0 0 1 5/5 9:45 0:00 1:55
Moritz Seider 0 0 0 0 0 1 1 1 0 0 0/0 17:24 1:37 0:00
Roope Hintz 1 0 1 0 0 4 0 0 1 0 3/9 11:55 1:23 0:00
Ryan Graves 0 1 1 0 0 0 0 1 0 0 0/0 21:25 1:26 4:28
Tomas Hertl 0 1 1 0 2 1 0 2 2 0 9/13 20:09 1:40 5:26
Vladislav Gavrikov 0 0 0 -1 0 0 2 2 1 1 0/0 23:23 0:00 6:32
3 Stars
1 - Carter Verhaeghe (PHI)
2 - Evan Rodrigues (PHI)
3 - Matt Boldy (PHI)
Power Play
Philadelphia Flyers - 0 on 6 Attempt(s) - 0.00%
Tampa Bay Lightning - 0 on 2 Attempt(s) - 0.00%
Penalty Kill
Philadelphia Flyers - 2 on 2 Attempt(s) - 100.00%
- Score 0 goal in Penalty Kill
Tampa Bay Lightning - 6 on 6 Attempt(s) - 100.00%
- Score 0 goal in Penalty Kill
Team Stat
Philadelphia Flyers - Hits : 29 - Faceoff Wins : 26 - Blocked Shots : 11 - Penalty Minutes : 4
Tampa Bay Lightning - Hits : 12 - Faceoff Wins : 33 - Blocked Shots : 11 - Penalty Minutes : 12
Official
Referees : Kelly Sutherland and Mark Lemelin
Linesman : Steve Barton and Brad Kovachik
Game Notes
No Game Note
Finance
Level 1 -- Attendance: 6000 (100.00%) -- Ticket Income $570,000
Level 2 -- Attendance: 4535 (90.70%) -- Ticket Income $249,425
Level 3 -- Attendance: 2926 (97.53%) -- Ticket Income $99,484
Level 4 -- Attendance: 4965 (99.30%) -- Ticket Income $104,265
Luxury Box -- Attendance: 920 (92.00%) -- Ticket Income $179,400
Game was played at the Tampa Bay Times Forum.
Total Attendance: 19346 (96.73%)
Total Ticket Income: $1,202,574
Other Income: $420,901
Total Income: $1,623,475
Philadelphia Flyers
5 vs 5 Forward
Center Left Wing Right Wing Time % Phy DF OF
1 Elias Lindholm Tyler Bertuzzi Alexander Barabanov 30 0 3 2
2 Evan Rodrigues Carter Verhaeghe Matt Boldy 30 0 3 2
3 Riley Sheahan Marcus Johansson Evgenii Dadonov 20 0 3 2
4 Blake Lizotte Tyler Johnson Tomas Tatar 20 0 3 2
5 vs 5 Defense
Defense Defense Time % Phy DF OF
1 Justin Faulk Ben Chiarot 35 0 3 2
2 Oliver Ekman-Larsson Matt Roy 35 0 3 2
3 Alexander Edler Artem Zub 30 0 3 2
4 Justin Faulk Ben Chiarot 0 0 3 2
PowerPlay Forward
Center Left Wing Right Wing Time % Phy DF OF
1 Elias Lindholm Tyler Bertuzzi Carter Verhaeghe 55 0 1 4
2 Blake Lizotte Evan Rodrigues Matt Boldy 45 0 1 4
PowerPlay Defense
Defense Defense Time % Phy DF OF
1 Justin Faulk Oliver Ekman-Larsson 55 0 1 4
2 Alexander Edler Matt Roy 45 0 1 4
Penalty Kill 4 Players Forward
Center Wing Time % Phy DF OF
1 Riley Sheahan Blake Lizotte 55 0 4 1
2 Elias Lindholm Tyler Bertuzzi 45 0 4 1
Penalty Kill 4 Players Defense
Defense Defense Time % Phy DF OF
1 Justin Faulk Ben Chiarot 50 0 4 1
2 Oliver Ekman-Larsson Matt Roy 50 0 4 1
Penalty Kill - 3 Players Forward
Forward Time % Phy DF OF
1 Riley Sheahan 50 0 5 0
2 Elias Lindholm 50 0 5 0
Penalty Kill - 3 Players Defense
Defense Defense Time % Phy DF OF
1 Justin Faulk Ben Chiarot 50 0 5 0
2 Oliver Ekman-Larsson Matt Roy 50 0 5 0
4 vs 4 Forward
Center Wing Time % Phy DF OF
1 Elias Lindholm Tyler Bertuzzi 50 0 3 2
2 Evan Rodrigues Carter Verhaeghe 50 0 3 2
4 vs 4 Defense
Defense Defense Time % Phy DF OF
1 Justin Faulk Ben Chiarot 50 0 3 2
2 Oliver Ekman-Larsson Matt Roy 50 0 3 2
Last Minutes Offensive
Center Left Wing Right Wing Defense Defense
Elias Lindholm Tyler Bertuzzi Carter Verhaeghe Justin Faulk Oliver Ekman-Larsson
Last Minutes Defensive
Center Left Wing Right Wing Defense Defense
Elias Lindholm Riley Sheahan Tyler Bertuzzi Ben Chiarot Matt Roy
Goaltenders
Starting : Thomas Greiss
Backup : Mackenzie Blackwood
Extra Forwards
Normal : Matt Boldy, Elias Lindholm, Carter Verhaeghe - PP : Matt Boldy, Elias Lindholm - PK : Elias Lindholm
Extra Defensemen
Normal : Justin Faulk, Oliver Ekman-Larsson, Alexander Edler - PP : Justin Faulk - PK : Ben Chiarot, Alexander Edler
Penalty Shots
Elias Lindholm, Tyler Bertuzzi, Matt Boldy, Carter Verhaeghe, Evan Rodrigues
Tampa Bay Lightning
5 vs 5 Forward
Center Left Wing Right Wing Time % Phy DF OF
1 Anze Kopitar Gabriel Landeskog Kirill Kaprizov 35 1 2 2
2 Tomas Hertl Johnny Gaudreau Connor Brown 32 1 2 2
3 Roope Hintz Christian Dvorak Dylan Cozens 28 1 2 2
4 Lars Eller Alexander Kerfoot Ivan Barbashev 5 1 2 2
5 vs 5 Defense
Defense Defense Time % Phy DF OF
1 Darnell Nurse Vladislav Gavrikov 40 1 2 2
2 Moritz Seider Ryan Graves 35 1 2 2
3 Hampus Lindholm Alexander Romanov 25 1 2 2
4 Darnell Nurse Vladislav Gavrikov 0 1 2 2
PowerPlay Forward
Center Left Wing Right Wing Time % Phy DF OF
1 Tomas Hertl Johnny Gaudreau Kirill Kaprizov 60 1 2 2
2 Anze Kopitar Roope Hintz Gabriel Landeskog 40 1 2 2
PowerPlay Defense
Defense Defense Time % Phy DF OF
1 Moritz Seider Darnell Nurse 60 1 2 2
2 Hampus Lindholm Ryan Graves 40 1 2 2
Penalty Kill 4 Players Forward
Center Wing Time % Phy DF OF
1 Anze Kopitar Tomas Hertl 60 1 2 2
2 Christian Dvorak Connor Brown 40 1 2 2
Penalty Kill 4 Players Defense
Defense Defense Time % Phy DF OF
1 Alexander Romanov Vladislav Gavrikov 60 1 2 2
2 Ryan Graves Darnell Nurse 40 1 2 2
Penalty Kill - 3 Players Forward
Forward Time % Phy DF OF
1 Tomas Hertl 60 1 2 2
2 Anze Kopitar 40 1 2 2
Penalty Kill - 3 Players Defense
Defense Defense Time % Phy DF OF
1 Alexander Romanov Vladislav Gavrikov 60 1 2 2
2 Ryan Graves Darnell Nurse 40 1 2 2
4 vs 4 Forward
Center Wing Time % Phy DF OF
1 Anze Kopitar Gabriel Landeskog 60 1 2 2
2 Tomas Hertl Connor Brown 40 1 2 2
4 vs 4 Defense
Defense Defense Time % Phy DF OF
1 Darnell Nurse Vladislav Gavrikov 60 1 2 2
2 Moritz Seider Ryan Graves 40 1 2 2
Last Minutes Offensive
Center Left Wing Right Wing Defense Defense
Anze Kopitar Gabriel Landeskog Kirill Kaprizov Darnell Nurse Moritz Seider
Last Minutes Defensive
Center Left Wing Right Wing Defense Defense
Anze Kopitar Tomas Hertl Connor Brown Darnell Nurse Vladislav Gavrikov
Goaltenders
Starting : Jeremy Swayman
Backup : Darcy Kuemper
Extra Forwards
Normal : Kirill Kaprizov, Gabriel Landeskog, Dylan Cozens - PP : Dylan Cozens, Ivan Barbashev - PK : Lars Eller
Extra Defensemen
Normal : Moritz Seider, Darnell Nurse, Hampus Lindholm - PP : Vladislav Gavrikov - PK : Moritz Seider, Hampus Lindholm
Penalty Shots
Christian Dvorak, Anze Kopitar, Kirill Kaprizov, Johnny Gaudreau, Alexander Kerfoot
% Time on Ice - Philadelphia Flyers
Lines # - Real PCT - Wanted PCT - Time Play
Normal Forward
1 - 29% - 30% - 12:43
2 - 28% - 30% - 12:33
3 - 23% - 20% - 10:01
4 - 20% - 20% - 8:54
Normal Defense
1 - 34% - 35% - 15:04
2 - 36% - 35% - 15:54
3 - 30% - 30% - 13:13
4 - 0% - 0% - 0:00
PP Forward
1 - 49% - 55% - 5:25
2 - 51% - 45% - 5:35
PP Defense
1 - 67% - 55% - 7:19
2 - 33% - 45% - 3:41
PK Forward
1 - 59% - 55% - 1:48
2 - 41% - 45% - 1:15
PK Defense
1 - 55% - 50% - 1:41
2 - 45% - 50% - 1:22
PK3 Forward
1 - 0% - 50%
2 - 0% - 50%
PK3 Defense
1 - 0% - 50%
2 - 0% - 50%
44 Forward
1 - 49% - 50% - 0:27
2 - 51% - 50% - 0:28
44 Defense
1 - 36% - 50% - 0:20
2 - 64% - 50% - 0:35
Last Minute Offensive - 0:00
Last Minute Defensive - 0:51
Total
Forward - 60:00
Defense - 60:00
|
% Time on Ice - Tampa Bay Lightning
Lines # - Real PCT - Wanted PCT - Time Play
Normal Forward
1 - 29% - 35% - 12:34
2 - 30% - 32% - 13:12
3 - 24% - 28% - 10:37
4 - 17% - 5% - 7:24
Normal Defense
1 - 38% - 40% - 16:27
2 - 35% - 35% - 15:16
3 - 28% - 25% - 12:04
4 - 0% - 0% - 0:00
PP Forward
1 - 55% - 60% - 1:40
2 - 45% - 40% - 1:23
PP Defense
1 - 53% - 60% - 1:37
2 - 47% - 40% - 1:26
PK Forward
1 - 75% - 60% - 8:15
2 - 25% - 40% - 2:45
PK Defense
1 - 59% - 60% - 6:32
2 - 41% - 40% - 4:28
PK3 Forward
1 - 0% - 60%
2 - 0% - 40%
PK3 Defense
1 - 0% - 60%
2 - 0% - 40%
44 Forward
1 - 100% - 60% - 0:55
2 - 0% - 40% - 0:00
44 Defense
1 - 100% - 60% - 0:55
2 - 0% - 40% - 0:00
Last Minute Offensive - 1:15
Last Minute Defensive - 0:00
Total
Forward - 60:00
Defense - 60:00
|
Play-by-Play
1st period
0:01 of 1st period - Elias Lindholm wins face-off versus Anze Kopitar in neutral zone.
0:12 of 1st period - Snap shot by Elias Lindholm.
0:12 of 1st period - Stopped by Jeremy Swayman without a rebound.
0:13 of 1st period - Evan Rodrigues wins face-off versus Connor Brown in Tampa Bay Lightning zone.
0:44 of 1st period - Wrist shot by Roope Hintz.
0:44 of 1st period - Goal by Roope Hintz - Philadelphia Flyers : 0 - Tampa Bay Lightning : 1.
0:45 of 1st period - Blake Lizotte wins face-off versus Anze Kopitar in neutral zone.
0:56 of 1st period - Wrist shot by Kirill Kaprizov.
0:56 of 1st period - Deflect By Gabriel Landeskog.
0:56 of 1st period - Deflect By Artem Zub.
0:56 of 1st period - Shot Misses the Net.
0:56 of 1st period - Puck is out of play.
0:57 of 1st period - Elias Lindholm wins face-off versus Roope Hintz in Philadelphia Flyers zone.
2:21 of 1st period - Gabriel Landeskog is hit by Alexander Barabanov and loses puck.
2:51 of 1st period - Minor Penalty to Oliver Ekman-Larsson for High sticking.
2:52 of 1st period - Tomas Hertl wins face-off versus Riley Sheahan in Philadelphia Flyers zone.
3:17 of 1st period - Moritz Seider is hit by Ben Chiarot and loses puck.
4:28 of 1st period - Roope Hintz is hit by Ben Chiarot and loses puck.
4:51 of 1st period - Penalty to Oliver Ekman-Larsson is over, Oliver Ekman-Larsson is back on ice.
5:05 of 1st period - Backhand shot by Ivan Barbashev.
5:05 of 1st period - Shot Misses the Net.
5:28 of 1st period - Marcus Johansson is hit by Darnell Nurse and loses puck.
5:47 of 1st period - Snap shot by Carter Verhaeghe.
5:47 of 1st period - Stopped by Jeremy Swayman with a rebound.
6:20 of 1st period - Justin Faulk is hit by Gabriel Landeskog and loses puck.
6:31 of 1st period - Hampus Lindholm is hit by Ben Chiarot and loses puck.
6:45 of 1st period - Icing by Johnny Gaudreau.
6:46 of 1st period - Blake Lizotte wins face-off versus Roope Hintz in Tampa Bay Lightning zone.
7:32 of 1st period - Snap shot by Evan Rodrigues.
7:32 of 1st period - Deflect By Alexander Barabanov.
7:32 of 1st period - Shot Blocked by Ryan Graves.
7:32 of 1st period - Puck is out of play.
7:33 of 1st period - Tomas Hertl wins face-off versus Elias Lindholm in Tampa Bay Lightning zone.
7:40 of 1st period - Snap shot by Johnny Gaudreau.
7:40 of 1st period - Stopped by Thomas Greiss without a rebound.
7:41 of 1st period - Elias Lindholm wins face-off versus Tomas Hertl in Philadelphia Flyers zone.
7:48 of 1st period - Snap shot by Tomas Hertl.
7:48 of 1st period - Shot Blocked by Alexander Edler.
7:50 of 1st period - Slapshot by Tomas Hertl.
7:50 of 1st period - Deflect By Johnny Gaudreau.
7:50 of 1st period - Stopped by Thomas Greiss with a rebound.
7:52 of 1st period - Snap shot by Vladislav Gavrikov.
7:52 of 1st period - Deflect By Johnny Gaudreau.
7:52 of 1st period - Shot Blocked by Artem Zub.
7:52 of 1st period - Puck is out of play.
7:53 of 1st period - Roope Hintz wins face-off versus Riley Sheahan in Philadelphia Flyers zone.
9:41 of 1st period - Snap shot by Elias Lindholm.
9:41 of 1st period - Stopped by Jeremy Swayman without a rebound.
9:42 of 1st period - Elias Lindholm wins face-off versus Anze Kopitar in Tampa Bay Lightning zone.
10:21 of 1st period - Wrist shot by Elias Lindholm.
10:21 of 1st period - Shot Misses the Net.
10:27 of 1st period - Tyler Bertuzzi is hit by Anze Kopitar and loses puck.
11:37 of 1st period - Snap shot by Anze Kopitar.
11:37 of 1st period - Stopped by Thomas Greiss with a rebound.
11:39 of 1st period - Wrist shot by Kirill Kaprizov.
11:39 of 1st period - Stopped by Thomas Greiss with a rebound.
12:17 of 1st period - Snap shot by Elias Lindholm.
12:17 of 1st period - Shot Blocked by Gabriel Landeskog.
12:23 of 1st period - Wrist shot by Tyler Bertuzzi.
12:23 of 1st period - Stopped by Jeremy Swayman without a rebound.
12:24 of 1st period - Tomas Hertl wins face-off versus Evan Rodrigues in Tampa Bay Lightning zone.
12:28 of 1st period - Off-side.
12:29 of 1st period - Tomas Hertl wins face-off versus Evan Rodrigues in neutral zone.
13:00 of 1st period - Snap shot by Roope Hintz.
13:00 of 1st period - Shot Misses the Net.
13:02 of 1st period - Wrist shot by Dylan Cozens.
13:02 of 1st period - Stopped by Thomas Greiss with a rebound.
13:04 of 1st period - Slapshot by Vladislav Gavrikov.
13:04 of 1st period - Shot Blocked by Tyler Johnson.
13:06 of 1st period - Slapshot by Dylan Cozens.
13:06 of 1st period - Shot Blocked by Tomas Tatar.
13:16 of 1st period - Wrist shot by Ivan Barbashev.
13:16 of 1st period - Stopped by Thomas Greiss without a rebound.
13:17 of 1st period - Lars Eller wins face-off versus Riley Sheahan in Philadelphia Flyers zone.
14:06 of 1st period - Wrist shot by Roope Hintz.
14:06 of 1st period - Stopped by Thomas Greiss without a rebound.
14:07 of 1st period - Blake Lizotte wins face-off versus Roope Hintz in Philadelphia Flyers zone.
14:24 of 1st period - Christian Dvorak is hit by Blake Lizotte and loses puck.
14:45 of 1st period - Snap shot by Johnny Gaudreau.
14:45 of 1st period - Stopped by Thomas Greiss with a rebound.
14:59 of 1st period - Lars Eller is hit by Marcus Johansson and loses puck.
15:42 of 1st period - Wrist shot by Johnny Gaudreau.
15:42 of 1st period - Stopped by Thomas Greiss with a rebound.
15:44 of 1st period - Wrist shot by Connor Brown.
15:44 of 1st period - Shot Misses the Net.
15:46 of 1st period - Snap shot by Connor Brown.
15:46 of 1st period - Deflect By Tomas Hertl.
15:46 of 1st period - Stopped by Thomas Greiss with a rebound.
15:48 of 1st period - Snap shot by Connor Brown.
15:48 of 1st period - Shot Blocked by Artem Zub.
15:50 of 1st period - Slapshot by Johnny Gaudreau.
15:50 of 1st period - Stopped by Thomas Greiss without a rebound.
15:51 of 1st period - Lars Eller wins face-off versus Evan Rodrigues in Philadelphia Flyers zone.
16:38 of 1st period - Blake Lizotte is hit by Dylan Cozens and loses puck.
16:59 of 1st period - Snap shot by Kirill Kaprizov.
16:59 of 1st period - Stopped by Thomas Greiss without a rebound.
17:00 of 1st period - Anze Kopitar wins face-off versus Matt Boldy in Philadelphia Flyers zone.
18:49 of 1st period - Off-side.
18:50 of 1st period - Lars Eller wins face-off versus Riley Sheahan in neutral zone.
19:05 of 1st period - Slapshot by Alexander Kerfoot.
19:05 of 1st period - Shot Misses the Net.
19:15 of 1st period - Dylan Cozens is hit by Artem Zub and loses puck.
19:22 of 1st period - Wrist shot by Evan Rodrigues.
19:22 of 1st period - Shot Misses the Net.
Goals for this period are 0 for Philadelphia Flyers vs 1 for Tampa Bay Lightning.
Shots for this period are 4 for Philadelphia Flyers vs 13 for Tampa Bay Lightning.
0:00 of 2nd period - Minor Penalty to Hampus Lindholm for Tripping.
Goals for this period are 0 for Philadelphia Flyers vs 1 for Tampa Bay Lightning.
Shots for this period are 4 for Philadelphia Flyers vs 13 for Tampa Bay Lightning.
2nd period
0:01 of 2nd period - Elias Lindholm wins face-off versus Anze Kopitar in neutral zone.
0:44 of 2nd period - Wrist shot by Elias Lindholm.
0:44 of 2nd period - Shot Blocked by Vladislav Gavrikov.
0:46 of 2nd period - Slapshot by Tyler Bertuzzi.
0:46 of 2nd period - Shot Misses the Net.
0:48 of 2nd period - Slapshot by Justin Faulk.
0:48 of 2nd period - Deflect By Elias Lindholm.
0:48 of 2nd period - Stopped by Jeremy Swayman with a rebound.
0:50 of 2nd period - Wrist shot by Justin Faulk.
0:50 of 2nd period - Deflect By Elias Lindholm.
0:50 of 2nd period - Shot Blocked by Tomas Hertl.
0:50 of 2nd period - Puck is out of play.
0:51 of 2nd period - Christian Dvorak wins face-off versus Matt Boldy in Tampa Bay Lightning zone.
1:04 of 2nd period - Wrist shot by Evan Rodrigues.
1:04 of 2nd period - Stopped by Jeremy Swayman without a rebound.
1:05 of 2nd period - Blake Lizotte wins face-off versus Anze Kopitar in Tampa Bay Lightning zone.
1:06 of 2nd period - Snap shot by Evan Rodrigues.
1:06 of 2nd period - Deflect By Matt Boldy.
1:06 of 2nd period - Shot Blocked by Vladislav Gavrikov.
1:06 of 2nd period - Puck is out of play.
1:07 of 2nd period - Blake Lizotte wins face-off versus Anze Kopitar in Tampa Bay Lightning zone.
1:26 of 2nd period - Tomas Hertl is hit by Matt Roy and loses puck.
1:36 of 2nd period - Icing by Matt Boldy.
1:37 of 2nd period - Anze Kopitar wins face-off versus Blake Lizotte in Philadelphia Flyers zone.
2:00 of 2nd period - Penalty to Hampus Lindholm is over, Hampus Lindholm is back on ice.
2:08 of 2nd period - Slapshot by Elias Lindholm.
2:08 of 2nd period - Stopped by Jeremy Swayman without a rebound.
2:09 of 2nd period - Roope Hintz wins face-off versus Riley Sheahan in Tampa Bay Lightning zone.
2:18 of 2nd period - Wrist shot by Evgenii Dadonov.
2:18 of 2nd period - Shot Misses the Net.
2:20 of 2nd period - Slapshot by Justin Faulk.
2:20 of 2nd period - Stopped by Jeremy Swayman with a rebound.
2:22 of 2nd period - Slapshot by Justin Faulk.
2:22 of 2nd period - Stopped by Jeremy Swayman without a rebound.
2:23 of 2nd period - Johnny Gaudreau wins face-off versus Evan Rodrigues in Tampa Bay Lightning zone.
2:23 of 2nd period - Johnny Gaudreau is hit by Matt Boldy.
3:15 of 2nd period - Off-side.
3:16 of 2nd period - Johnny Gaudreau wins face-off versus Evan Rodrigues in neutral zone.
3:31 of 2nd period - Snap shot by Johnny Gaudreau.
3:31 of 2nd period - Shot Misses the Net.
3:43 of 2nd period - Kirill Kaprizov is hit by Justin Faulk and loses puck.
3:54 of 2nd period - Snap shot by Ryan Graves.
3:54 of 2nd period - Deflect By Kirill Kaprizov.
3:54 of 2nd period - Shot Misses the Net.
3:54 of 2nd period - Puck is out of play.
3:55 of 2nd period - Elias Lindholm wins face-off versus Tomas Hertl in Philadelphia Flyers zone.
3:59 of 2nd period - Off-side.
4:00 of 2nd period - Tomas Hertl wins face-off versus Elias Lindholm in neutral zone.
4:05 of 2nd period - Snap shot by Johnny Gaudreau.
4:05 of 2nd period - Stopped by Thomas Greiss without a rebound.
4:06 of 2nd period - Tomas Hertl wins face-off versus Evan Rodrigues in Philadelphia Flyers zone.
4:07 of 2nd period - Wrist shot by Johnny Gaudreau.
4:07 of 2nd period - Goal by Johnny Gaudreau - Philadelphia Flyers : 0 - Tampa Bay Lightning : 2.
4:08 of 2nd period - Tomas Hertl wins face-off versus Evan Rodrigues in neutral zone.
4:15 of 2nd period - Wrist shot by Evan Rodrigues.
4:15 of 2nd period - Stopped by Jeremy Swayman with a rebound.
4:17 of 2nd period - Wrist shot by Matt Boldy.
4:17 of 2nd period - Shot Misses the Net.
4:19 of 2nd period - Wrist shot by Carter Verhaeghe.
4:19 of 2nd period - Deflect By Matt Boldy.
4:19 of 2nd period - Goal by Matt Boldy - Philadelphia Flyers : 1 - Tampa Bay Lightning : 2.
4:20 of 2nd period - Christian Dvorak wins face-off versus Matt Boldy in neutral zone.
4:51 of 2nd period - Minor Penalty to Tomas Hertl for Tripping.
4:52 of 2nd period - Anze Kopitar wins face-off versus Elias Lindholm in Tampa Bay Lightning zone.
5:43 of 2nd period - Slapshot by Justin Faulk.
5:43 of 2nd period - Stopped by Jeremy Swayman with a rebound.
5:57 of 2nd period - Christian Dvorak is hit by Oliver Ekman-Larsson and loses puck.
6:38 of 2nd period - Alexander Romanov is hit by Evgenii Dadonov and loses puck.
6:51 of 2nd period - Penalty to Tomas Hertl is over, Tomas Hertl is back on ice.
7:39 of 2nd period - Roope Hintz is hit by Tyler Johnson and loses puck.
8:19 of 2nd period - Elias Lindholm is hit by Gabriel Landeskog and loses puck.
8:34 of 2nd period - Wrist shot by Tomas Hertl.
8:34 of 2nd period - Shot Blocked by Matt Roy.
8:48 of 2nd period - Dylan Cozens is hit by Blake Lizotte and loses puck.
8:59 of 2nd period - Snap shot by Ivan Barbashev.
8:59 of 2nd period - Stopped by Thomas Greiss without a rebound.
9:00 of 2nd period - Lars Eller wins face-off versus Elias Lindholm in Philadelphia Flyers zone.
9:09 of 2nd period - Snap shot by Ivan Barbashev.
9:09 of 2nd period - Stopped by Thomas Greiss with a rebound.
9:23 of 2nd period - Darnell Nurse is hit by Ben Chiarot and loses puck.
9:58 of 2nd period - Snap shot by Evgenii Dadonov.
9:58 of 2nd period - Goal by Evgenii Dadonov - Philadelphia Flyers : 2 - Tampa Bay Lightning : 2.
9:59 of 2nd period - Evan Rodrigues wins face-off versus Anze Kopitar in neutral zone.
10:02 of 2nd period - Snap shot by Carter Verhaeghe.
10:02 of 2nd period - Shot Misses the Net.
10:45 of 2nd period - Moritz Seider is hit by Alexander Edler and loses puck.
10:50 of 2nd period - Snap shot by Marcus Johansson.
10:50 of 2nd period - Shot Misses the Net.
10:56 of 2nd period - Slapshot by Marcus Johansson.
10:56 of 2nd period - Stopped by Jeremy Swayman with a rebound.
11:07 of 2nd period - Wrist shot by Johnny Gaudreau.
11:07 of 2nd period - Shot Misses the Net.
11:09 of 2nd period - Snap shot by Johnny Gaudreau.
11:09 of 2nd period - Stopped by Thomas Greiss with a rebound.
12:55 of 2nd period - Backhand shot by Evan Rodrigues.
12:55 of 2nd period - Stopped by Jeremy Swayman with a rebound.
12:57 of 2nd period - Wrist shot by Carter Verhaeghe.
12:57 of 2nd period - Shot Blocked by Tomas Hertl.
12:59 of 2nd period - Wrist shot by Carter Verhaeghe.
12:59 of 2nd period - Stopped by Jeremy Swayman with a rebound.
13:12 of 2nd period - Off-side.
13:13 of 2nd period - Elias Lindholm wins face-off versus Anze Kopitar in neutral zone.
13:16 of 2nd period - Wrist shot by Tyler Bertuzzi.
13:16 of 2nd period - Shot Blocked by Alexander Romanov.
13:18 of 2nd period - Slapshot by Alexander Edler.
13:18 of 2nd period - Deflect By Gabriel Landeskog.
13:18 of 2nd period - Stopped by Jeremy Swayman with a rebound.
13:27 of 2nd period - Icing by Gabriel Landeskog.
13:28 of 2nd period - Anze Kopitar wins face-off versus Blake Lizotte in Tampa Bay Lightning zone.
14:05 of 2nd period - Slapshot by Kirill Kaprizov.
14:05 of 2nd period - Shot Misses the Net.
14:07 of 2nd period - Wrist shot by Alexander Romanov.
14:07 of 2nd period - Deflect By Kirill Kaprizov.
14:07 of 2nd period - Shot Misses the Net.
14:07 of 2nd period - Puck is out of play.
14:08 of 2nd period - Roope Hintz wins face-off versus Elias Lindholm in Philadelphia Flyers zone.
14:18 of 2nd period - Slapshot by Christian Dvorak.
14:18 of 2nd period - Shot Blocked by Ben Chiarot.
15:35 of 2nd period - Wrist shot by Blake Lizotte.
15:35 of 2nd period - Shot Misses the Net.
15:45 of 2nd period - Artem Zub is hit by Darnell Nurse and loses puck.
16:02 of 2nd period - Minor Penalty to Gabriel Landeskog for Hooking.
16:03 of 2nd period - Anze Kopitar wins face-off versus Elias Lindholm in Tampa Bay Lightning zone.
16:24 of 2nd period - Lars Eller is hit by Oliver Ekman-Larsson.
16:28 of 2nd period - Elias Lindholm is hit by Vladislav Gavrikov and loses puck.
17:50 of 2nd period - Slapshot by Evgenii Dadonov.
17:50 of 2nd period - Shot Blocked by Darnell Nurse.
17:58 of 2nd period - Wrist shot by Alexander Barabanov.
17:58 of 2nd period - Shot Misses the Net.
18:00 of 2nd period - Wrist shot by Alexander Barabanov.
18:00 of 2nd period - Stopped by Jeremy Swayman without a rebound.
18:01 of 2nd period - Christian Dvorak wins face-off versus Blake Lizotte in Tampa Bay Lightning zone.
18:02 of 2nd period - Penalty to Gabriel Landeskog is over, Gabriel Landeskog is back on ice.
18:10 of 2nd period - Snap shot by Gabriel Landeskog.
18:10 of 2nd period - Stopped by Thomas Greiss with a rebound.
18:16 of 2nd period - Gabriel Landeskog is hit by Alexander Edler.
18:45 of 2nd period - Alexander Romanov is hit by Justin Faulk.
18:52 of 2nd period - Minor Penalty to Christian Dvorak for Interference.
18:53 of 2nd period - Tomas Hertl wins face-off versus Elias Lindholm in Tampa Bay Lightning zone.
18:53 of 2nd period - Tomas Hertl is hit by Tyler Bertuzzi.
19:10 of 2nd period - Wrist shot by Elias Lindholm.
19:10 of 2nd period - Shot Misses the Net.
19:44 of 2nd period - Snap shot by Matt Boldy.
19:44 of 2nd period - Shot Misses the Net.
Goals for this period are 2 for Philadelphia Flyers vs 1 for Tampa Bay Lightning.
Shots for this period are 14 for Philadelphia Flyers vs 6 for Tampa Bay Lightning.
3rd period
0:01 of 3rd period - Anze Kopitar wins face-off versus Elias Lindholm in neutral zone.
0:04 of 3rd period - Wrist shot by Tyler Bertuzzi.
0:04 of 3rd period - Stopped by Jeremy Swayman without a rebound.
0:05 of 3rd period - Elias Lindholm wins face-off versus Anze Kopitar in Tampa Bay Lightning zone.
0:46 of 3rd period - Tomas Hertl is hit by Matt Boldy.
0:52 of 3rd period - Penalty to Christian Dvorak is over, Christian Dvorak is back on ice.
1:17 of 3rd period - Snap shot by Alexander Kerfoot.
1:17 of 3rd period - Stopped by Thomas Greiss with a rebound.
2:27 of 3rd period - Wrist shot by Ivan Barbashev.
2:27 of 3rd period - Stopped by Thomas Greiss without a rebound.
2:28 of 3rd period - Elias Lindholm wins face-off versus Roope Hintz in Philadelphia Flyers zone.
2:33 of 3rd period - Snap shot by Roope Hintz.
2:33 of 3rd period - Shot Blocked by Alexander Edler.
2:35 of 3rd period - Slapshot by Dylan Cozens.
2:35 of 3rd period - Shot Blocked by Alexander Edler.
2:37 of 3rd period - Snap shot by Dylan Cozens.
2:37 of 3rd period - Deflect By Christian Dvorak.
2:37 of 3rd period - Shot Misses the Net.
2:37 of 3rd period - Puck is out of play.
2:38 of 3rd period - Elias Lindholm wins face-off versus Roope Hintz in Philadelphia Flyers zone.
3:18 of 3rd period - Slapshot by Christian Dvorak.
3:18 of 3rd period - Deflect By Elias Lindholm.
3:18 of 3rd period - Stopped by Thomas Greiss with a rebound.
3:37 of 3rd period - Off-side.
3:38 of 3rd period - Evan Rodrigues wins face-off versus Anze Kopitar in neutral zone.
3:41 of 3rd period - Ryan Graves is hit by Carter Verhaeghe and loses puck.
3:55 of 3rd period - Minor Penalty to Gabriel Landeskog for Hooking.
3:56 of 3rd period - Blake Lizotte wins face-off versus Anze Kopitar in Tampa Bay Lightning zone.
4:32 of 3rd period - Slapshot by Connor Brown.
4:32 of 3rd period - Deflect By Christian Dvorak.
4:32 of 3rd period - Shot Misses the Net.
4:32 of 3rd period - Puck is out of play.
4:33 of 3rd period - Blake Lizotte wins face-off versus Connor Brown in Philadelphia Flyers zone.
4:48 of 3rd period - Wrist shot by Evan Rodrigues.
4:48 of 3rd period - Shot Misses the Net.
4:58 of 3rd period - Ryan Graves is hit by Matt Roy and loses puck.
5:55 of 3rd period - Penalty to Gabriel Landeskog is over, Gabriel Landeskog is back on ice.
6:05 of 3rd period - Snap shot by Moritz Seider.
6:05 of 3rd period - Stopped by Thomas Greiss without a rebound.
6:06 of 3rd period - Lars Eller wins face-off versus Riley Sheahan in Philadelphia Flyers zone.
6:46 of 3rd period - Ben Chiarot is hit by Lars Eller and loses puck.
7:06 of 3rd period - Marcus Johansson is hit by Lars Eller and loses puck.
7:24 of 3rd period - Marcus Johansson is hit by Hampus Lindholm and loses puck.
7:32 of 3rd period - Off-side.
7:33 of 3rd period - Evan Rodrigues wins face-off versus Anze Kopitar in neutral zone.
7:38 of 3rd period - Anze Kopitar is hit by Alexander Edler and loses puck.
8:04 of 3rd period - Dylan Cozens is hit by Elias Lindholm.
8:12 of 3rd period - Wrist shot by Roope Hintz.
8:12 of 3rd period - Stopped by Thomas Greiss with a rebound.
8:19 of 3rd period - Icing by Oliver Ekman-Larsson.
8:20 of 3rd period - Elias Lindholm wins face-off versus Tomas Hertl in Philadelphia Flyers zone.
8:29 of 3rd period - Connor Brown is hit by Matt Roy and loses puck.
8:46 of 3rd period - Snap shot by Connor Brown.
8:46 of 3rd period - Stopped by Thomas Greiss without a rebound.
8:47 of 3rd period - Anze Kopitar wins face-off versus Blake Lizotte in Philadelphia Flyers zone.
8:51 of 3rd period - Minor Penalty to Tyler Johnson for Cross-checking.
8:52 of 3rd period - Tomas Hertl wins face-off versus Riley Sheahan in Philadelphia Flyers zone.
9:55 of 3rd period - Minor Penalty to Gabriel Landeskog for Tripping.
9:56 of 3rd period - Anze Kopitar wins face-off versus Elias Lindholm in Tampa Bay Lightning zone.
10:28 of 3rd period - Wrist shot by Carter Verhaeghe.
10:28 of 3rd period - Stopped by Jeremy Swayman with a rebound.
10:30 of 3rd period - Wrist shot by Carter Verhaeghe.
10:30 of 3rd period - Goal by Carter Verhaeghe - Philadelphia Flyers : 3 - Tampa Bay Lightning : 2.
10:31 of 3rd period - Anze Kopitar wins face-off versus Evan Rodrigues in neutral zone.
10:39 of 3rd period - Wrist shot by Evan Rodrigues.
10:39 of 3rd period - Shot Blocked by Kirill Kaprizov.
10:43 of 3rd period - Wrist shot by Evan Rodrigues.
10:43 of 3rd period - Stopped by Jeremy Swayman without a rebound.
10:44 of 3rd period - Anze Kopitar wins face-off versus Elias Lindholm in Tampa Bay Lightning zone.
10:51 of 3rd period - Penalty to Tyler Johnson is over, Tyler Johnson is back on ice.
10:53 of 3rd period - Tyler Bertuzzi is hit by Vladislav Gavrikov and loses puck.
11:00 of 3rd period - Snap shot by Anze Kopitar.
11:00 of 3rd period - Shot Misses the Net.
11:42 of 3rd period - Vladislav Gavrikov is hit by Alexander Edler and loses puck.
11:55 of 3rd period - Penalty to Gabriel Landeskog is over, Gabriel Landeskog is back on ice.
13:03 of 3rd period - Artem Zub is hit by Moritz Seider and loses puck.
13:16 of 3rd period - Snap shot by Alexander Edler.
13:16 of 3rd period - Deflect By Tyler Bertuzzi.
13:16 of 3rd period - Shot Misses the Net.
13:16 of 3rd period - Puck is out of play.
13:17 of 3rd period - Elias Lindholm wins face-off versus Roope Hintz in Tampa Bay Lightning zone.
13:20 of 3rd period - Snap shot by Elias Lindholm.
13:20 of 3rd period - Deflect By Alexander Barabanov.
13:20 of 3rd period - Shot Blocked by Christian Dvorak.
13:20 of 3rd period - Puck is out of play.
13:21 of 3rd period - Elias Lindholm wins face-off versus Anze Kopitar in Tampa Bay Lightning zone.
13:22 of 3rd period - Snap shot by Tyler Bertuzzi.
13:22 of 3rd period - Shot Blocked by Moritz Seider.
14:18 of 3rd period - Wrist shot by Johnny Gaudreau.
14:18 of 3rd period - Stopped by Thomas Greiss without a rebound.
14:19 of 3rd period - Gabriel Landeskog wins face-off versus Blake Lizotte in Philadelphia Flyers zone.
14:50 of 3rd period - Wrist shot by Alexander Romanov.
14:50 of 3rd period - Stopped by Thomas Greiss without a rebound.
14:51 of 3rd period - Evan Rodrigues wins face-off versus Tomas Hertl in Philadelphia Flyers zone.
15:23 of 3rd period - Wrist shot by Roope Hintz.
15:23 of 3rd period - Stopped by Thomas Greiss with a rebound.
15:58 of 3rd period - Snap shot by Matt Roy.
15:58 of 3rd period - Stopped by Jeremy Swayman with a rebound.
16:00 of 3rd period - Slapshot by Oliver Ekman-Larsson.
16:00 of 3rd period - Shot Misses the Net.
17:20 of 3rd period - Tomas Hertl is hit by Elias Lindholm and loses puck.
17:39 of 3rd period - Wrist shot by Evan Rodrigues.
17:39 of 3rd period - Shot Misses the Net.
17:41 of 3rd period - Backhand shot by Alexander Edler.
17:41 of 3rd period - Stopped by Jeremy Swayman with a rebound.
17:43 of 3rd period - Snap shot by Artem Zub.
17:43 of 3rd period - Stopped by Jeremy Swayman with a rebound.
18:35 of 3rd period - Darnell Nurse is hit by Matt Roy and loses puck.
18:48 of 3rd period - Tampa Bay Lightning, Jeremy Swayman is pulled from the net.
19:06 of 3rd period - Wrist shot by Gabriel Landeskog.
19:06 of 3rd period - Shot Blocked by Tyler Johnson.
19:08 of 3rd period - Wrist shot by Kirill Kaprizov.
19:08 of 3rd period - Deflect By Anze Kopitar.
19:08 of 3rd period - Shot Blocked by Tyler Johnson.
19:08 of 3rd period - Puck is out of play.
19:09 of 3rd period - Gerard Gallant call a timeout for Tampa Bay Lightning.
19:09 of 3rd period - Tyler Bertuzzi wins face-off versus Gabriel Landeskog in Philadelphia Flyers zone.
Goals for this period are 1 for Philadelphia Flyers vs 0 for Tampa Bay Lightning.
Shots for this period are 7 for Philadelphia Flyers vs 9 for Tampa Bay Lightning.
Back to the Top